 Dungeon Crawl Stone Soup version 0.31-a0-161-gb58dd9be76 (webtiles) character file.

Game seed: 16962077858940851859

2141 IdlyInterested the Covert (level 9, 0/58 (61) HPs)
             Began as a Demonspawn Gladiator on June 12, 2023.
             Was a Follower of Okawaru.
             Killed by divine providence
             ... invoked by an orc priest
              (15 damage)
             ... on level 6 of the Dungeon.
             The game lasted 00:23:27 (5789 turns).

IdlyInterested the Covert (Demonspawn Gladiator)    Turns: 5789, Time: 00:23:27

HP:   0/58 (61)     AC: 21    Str: 27    XL:     9   Next: 9%
MP:   13/13         EV: 12    Int: 11    God:    Okawaru [*.....]
Gold: 40            SH:  0    Dex: 14    Spells: 11/14 levels left

rFire   . . .        g - +2 short sword (venom)
rCold   . . .        (no shield)
rNeg    . . .        y - +5 ring mail of Autotheism {Str+3}
rPois   .            c - +0 helmet
rElec   .            z - +0 cloak
rCorr   .            (no gloves)
SInv    .            (no boots)
Will    .....        (no amulet)
Stlth   +++          r - +6 ring of strength
HPRegen 0.29/turn    E - ring of wizardry
MPRegen 0.13/turn

%: wizardry (x1)
@: sanguine armoured, lightly drained
A: hooves 1, spiny 1, sanguine armour 2, demonic magic 1
a: Renounce Religion, Heroism


You were on level 6 of the Dungeon.
You worshipped Okawaru.
Okawaru was aware of your devotion.
You visited 2 branches of the dungeon, and saw 7 of its levels.

You collected 333 gold pieces.
You spent 293 gold pieces at shops.

Inventory:

Hand Weapons
 e - a +0 rapier
 g - a +2 short sword of venom (weapon)
 o - a +1 dagger of flaming
 q - a +3 spear
 t - a +0 dagger
 u - a +1 vampiric short sword
 F - the +5 sling "Transmigrator" {drain, rElec Str+2}
   (You found it on level 5 of the Dungeon)

   Str:       It affects your strength (+2).
   rElec:     It insulates you from electricity.
Missiles
 d - 3 throwing nets
 k - 15 stones (quivered)
 v - 7 boomerangs
 w - a javelin
 B - 2 boomerangs of dispersal
Armour
 c - a +0 helmet (worn)
 f - a +3 leather armour of cold resistance
 m - a +2 robe of willpower
 y - the +5 ring mail of Autotheism (worn) {Str+3}
   (You found it on level 4 of the Dungeon)

   Str:       It affects your strength (+3).
 z - a +0 cloak (worn)
Jewellery
 r - a +6 ring of strength (left hand)
 E - a ring of wizardry (right hand)
Wands
 j - a wand of flame (15)
Scrolls
 a - a scroll of revelation
 b - a scroll of blinking
 i - 2 scrolls of amnesia
 l - 6 scrolls of teleportation
 n - 2 scrolls of enchant weapon
 H - a scroll of vulnerability {unknown}
Potions
 h - a potion of lignification
 p - a potion of cancellation
 x - a potion of enlightenment
 A - a potion of berserk rage
 C - a potion of brilliance {unknown}
 D - a potion of attraction {unknown}
 G - a potion of curing


   Skills:
 - Level 2.0 Fighting
 * Level 5.1 Short Blades
 - Level 4.0 Polearms
 - Level 2.0 Throwing
 - Level 1.0 Armour
 - Level 3.0 Dodging
 + Level 8.0 Stealth
 - Level 1.0 Shields
 + Level 3.2 Spellcasting
 - Level 4.0 Invocations
 - Level 1.0 Evocations


You had 11 spell levels left.
You knew the following spells:

 Your Spells              Type           Power      Damage    Failure   Level
a - Dazzling Flash        Conj/Hex       2%         N/A       41%         3

Your spell library contained the following spells:

 Spells                   Type           Power      Damage    Failure   Level
 Slow                     Hex            4%         N/A       16%         1
 Confusing Touch          Hex            1%         N/A       41%         3
 Vampiric Draining        Necr           1%         2d6       41%         3
 Volatile Blastmotes      Fire/Tloc      2%         2d10      41%         3
 Iskenderun's Mystic Bla  Conj/Tloc      1%         2d3       80%         4
 Starburst                Conj/Fire      0%         6d3       100%        6


Dungeon Overview and Level Annotations

Branches:
Dungeon (6/15)             Temple (1/1) D:4

Altars:
Ashenzari
Cheibriados
Dithmenos
Fedhas
Gozag
Makhleb
Okawaru
Qazlal
Ru
Trog
Uskayaw
Wu Jian

Shops:
D:2 ?   D:5 (


Innate Abilities, Weirdness & Mutations

You have large cloven feet.
You are partially covered in sharp spines.
When seriously injured, your blood forms thick armour. (AC +9)
Spells you cast may paralyse adjacent enemies.


Message History

The orc priest barely misses you.
You hit the orc priest but do no damage.
The orc priest is poisoned.
You hit the orc priest but do no damage.
The orc priest looks as sick as possible!
Your kick misses the orc priest.
The orc priest hits you with a +0 flail.
The orc wizard hits you but does no damage.
You feel drained.
You hit the orc priest but do no damage.
The orc priest looks as sick as possible!
The orc priest is lightly wounded.
The orc priest mumbles some strange prayers to Beogh against you.
You struggle to resist.
The orc wizard hits you but does no damage.
You feel drained.
You hit the orc priest but do no damage.
The orc priest looks as sick as possible!
You kick the orc priest.
The orc priest is heavily wounded.
The orc priest mumbles some strange prayers to Beogh against you.
Beogh smites you!
* * * LOW HITPOINT WARNING * * *
The orc wizard is struck by your spines.
You kill the orc wizard!
Okawaru accepts your kill.
You barely miss the orc priest.
The orc priest is severely wounded.
You hit the orc priest but do no damage.
You kick the orc priest, but do no damage.
The orc priest is severely wounded.
The orc priest is struck by your spines.
The orc priest hits you with a +0 flail.
* * * LOW HITPOINT WARNING * * *
You hit the orc priest but do no damage.
The orc priest looks as sick as possible!
The orc priest is almost dead.
The orc priest invokes the aid of Beogh against you.
Beogh smites you!
You die...

#. #. # .. . #. #..
.### . ##.#
######'####...# ..#...
..'.......'.# ###.....
#.#..o#.# ........
#.#._@#.# .# ##...##.
#.#..)#.#...# #.......
+.......'.# #..#.#.<
####'###### ........
#.)..<# .#.#.#..
#............#......
.>...#.#.#...#..#####..
###............. #....
##.#.#.#)...#.....###


You could see an orc priest (extremely poisoned).

Vanquished Creatures
  Pikel (D:4)
  Prince Ribbit (D:5)
  Edmund (D:5)
  A water moccasin (D:5)
  Duvessa (D:3)
  An ogre (D:5)
  Blork the orc (D:5)
  A gnoll sergeant (D:6)
  2 scorpions
  Dowan (D:3)
  2 hounds
  3 orc priests
  4 jellies
  2 sleepcaps
  Crazy Yiuf (D:4)
  Jessica (D:3)
  2 iguanas (D:5)
  4 orc wizards
  13 gnolls
  5 adders
  2 white imps (D:5)
  2 ufetubi (D:4)
  2 dart slugs (D:1)
  13 orcs
  3 ball pythons
  8 endoplasms
  5 hobgoblins
  A jackal (D:3)
  2 quokkas (D:4)
  3 bats
  5 frilled lizards
  8 goblins
  6 kobolds
  2 rats (D:3)
110 creatures vanquished.

Notes
Turn   | Place    | Note
-------+----------+-------------------------------------------
     0 | D:1      | IdlyInterested the Demonspawn Gladiator began the quest for
                  | the Orb.
     0 | D:1      | Reached XP level 1. HP: 16/16 MP: 1/1
   209 | D:1      | Gained mutation: You are partially covered in sharp spines.
                  | [demonic ancestry]
   209 | D:1      | Reached XP level 2. HP: 15/22 MP: 2/2
   378 | D:1      | Found a faded altar of an unknown god.
   530 | D:1      | Reached XP level 3. HP: 27/27 MP: 3/3
   704 | D:2      | Found Fewojosho's Magic Scroll Shop.
  1500 | D:3      | Reached skill level 1 in Evocations
  1500 | D:3      | Gained mutation: Spells you cast may paralyse adjacent
                  | enemies. [demonic ancestry]
  1500 | D:3      | Reached XP level 4. HP: 23/33 MP: 4/4
  1508 | D:3      | Reached skill level 1 in Stealth
  1548 | D:3      | Reached skill level 2 in Stealth
  1728 | D:3      | Reached skill level 1 in Armour
  1730 | D:3      | Found an ornate altar of the Wu Jian Council.
  1833 | D:3      | Noticed Jessica
  1840 | D:3      | Killed Jessica
  1841 | D:3      | Gained mutation: When seriously injured, your blood forms
                  | armour. (AC +9) [demonic ancestry]
  1841 | D:3      | Reached XP level 5. HP: 33/38 MP: 5/5
  2213 | D:4      | Reached skill level 1 in Spellcasting
  2217 | D:4      | Reached skill level 1 in Short Blades
  2314 | D:4      | Noticed Duvessa
  2318 | D:4      | Noticed Dowan
  2350 | D:3      | Killed Duvessa
  2351 | D:3      | Reached skill level 3 in Stealth
  2351 | D:3      | Gained mutation: When seriously injured, your blood forms
                  | thick armour. (AC +9) [demonic ancestry]
  2351 | D:3      | Reached XP level 6. HP: 12/44 MP: 7/9
  2358 | D:3      | Killed Dowan
  2632 | D:4      | Found a staircase to the Ecumenical Temple.
  2689 | D:4      | Identified the +5 ring mail of Autotheism {Str+3}
  2706 | Temple   | Entered the Ecumenical Temple
  2787 | D:2      | Bought a scroll of enchant weapon for 105 gold pieces
  2787 | D:2      | Bought a scroll of identify for 28 gold pieces
  3131 | D:4      | Noticed Pikel
  3151 | D:4      | Killed Pikel
  3152 | D:4      | Reached skill level 6 in Stealth
  3152 | D:4      | Gained mutation: You have large cloven feet. [demonic
                  | ancestry]
  3152 | D:4      | Reached XP level 7. HP: 33/50 MP: 11/11
  3282 | D:4      | Found a sacrificial altar of Ru.
  3511 | D:4      | Found a runed translucent door.
  3512 | D:4      | Noticed Crazy Yiuf
  3521 | D:4      | Killed Crazy Yiuf
  3618 | Temple   | Became a worshipper of Warmaster Okawaru
  3650 | D:5      | Entered Level 5 of the Dungeon
  3665 | D:5      | Reached skill level 1 in Invocations
  3665 | D:5      | Reached XP level 8. HP: 33/56 MP: 12/12
  3831 | D:5      | Reached skill level 1 in Shields
  4334 | D:5      | Found Guneco's Antique Weapon Shoppe.
  4354 | D:5      | Reached * piety under Okawaru
  4381 | D:5      | Noticed Prince Ribbit
  4385 | D:5      | Found a broken altar of Ashenzari.
  4396 | D:5      | Killed Prince Ribbit
  4397 | D:5      | Reached skill level 7 in Stealth
  4530 | D:5      | Noticed Edmund
  4544 | D:5      | Killed Edmund
  4953 | D:5      | Identified the +5 sling "Transmigrator" {drain, rElec
                  | Str+2}
  5022 | D:5      | Noticed Blork the orc
  5032 | D:5      | Killed Blork the orc
  5286 | D:5      | Bought a runed short sword for 132 gold pieces
  5361 | D:2      | Bought a scroll of identify for 28 gold pieces
  5592 | D:6      | Reached XP level 9. HP: 47/61 MP: 11/13
  5665 | D:6      | Learned a level 3 spell: Dazzling Flash
  5699 | D:6      | Reached skill level 5 in Short Blades
  5781 | D:6      | Reached skill level 8 in Stealth
  5789 | D:6      | Killed from afar by an orc priest

Illustrated notes

Levels and vault maps discovered:
D:1:      tarquinn_simple_flora_water_f, layout_basic,
          shapermc_ecumenical_altar_venn, amcnicky_mini_corridor_feature
D:2:      layout_loops_ring, serial_shops, nicolae_shop_hallway_stairs
D:3:      minmay_evil_eye, layout_rooms, mainiacjoe_overflow_24_doors,
          grunt_ministairs_14, uniq_jessica
D:4:      layout_loops_ring, nicolae_ru_awakened_eye,
          minmay_temple_entry_mini_moons, st_stairs_10, uniq_crazy_yiuf_cottage,
          uniq_pikel, uniq_duvessa
D:5:      layout_basic, nicolae_ashenzari_panopticon, serial_shops,
          nicolae_shop_pleasant_corner_grove, serial_rivers,
          chequers_serial_rivers_large_a, chequers_serial_rivers_micro_c,
          chequers_serial_rivers_small_b, chequers_serial_rivers_micro_b,
          chequers_serial_rivers_small_3, minivault_5, bh_walls_and_bars,
          uniq_edmund, uniq_blork_the_orc, uniq_prince_ribbit1
D:6:      layout_rooms, palyth_temple_overflow_mages,
          yredelemnul_forgotten_temple_becter, nicolae_hepliaklqana_hippocampus,
          mainiacjoe_overflow_six_doors_small, serial_glass, glass_columns_a,
          glass_columns_a, glass_columns_a, glass_columns_b, glass_columns_a,
          glass_columns_b, glass_columns_a, glass_columns_c, kennysheep_doodads
Temple:   hellmonk_temple_micro_hex

Skill      XL: |  1  2  3  4  5  6  7  8  9 |
---------------+----------------------------+-----
Polearms       | 3 4 |  4.0
Dodging        | 3 |  3.0
Throwing       | 2 |  2.0
Evocations     | 1 |  1.0
Stealth        | 2 3 6 7 8 |  8.0
Armour         | 1 |  1.0
Spellcasting   | 2 3 |  3.2
Short Blades   | 1 2 3 4 5 |  5.1
Invocations    | 1 4 |  4.0
Shields        | 1 |  1.0
Fighting       | |  2.0

Action                     |  1- 3 |  4- 6 |  7- 9 || total
---------------------------+-------+-------+-------++-------
  Melee: Trident           |    74 |       |       ||    74
         Punch             |     1 |     1 |     2 ||     4
         Spear             |     4 |    64 |       ||    68
         Unarmed           |       |    15 |       ||    15
         Short sword       |       |    16 |   166 ||   182
         Kick              |       |       |    52 ||    52
  Throw: Javelin           |       |     1 |       ||     1
         Boomerang         |       |     1 |       ||     1
         Stone             |       |       |    22 ||    22
 Invoke: Heroism           |       |       |     2 ||     2
    Use: Potion            |       |     5 |     2 ||     7
         Scroll            |       |     8 |     2 ||    10
   Stab: Sleeping          |       |     1 |     3 ||     4
 Armour: Leather armour    |     3 |    11 |       ||    14
         Scale mail        |    20 |     1 |       ||    21
         Skin              |       |    17 |       ||    17
         Ring mail         |       |     9 |    48 ||    57
  Dodge: Dodged            |    27 |    39 |    55 ||   121

Table legend: (Time is in decaauts)
 A = Elapsed time spent in this place.
 B = Non-inter-level travel time spent in this place.
 C = Inter-level travel time spent in this place.
 D = Time resting spent in this place.
 E = Time spent auto-exploring this place.
 F = Levels seen in this place.
 G = Mean time per level.
                   A        B        C        D        E       F      G
               +--------+--------+--------+--------+--------+-----+--------+
         Total |   5784 |   4733 |   1051 |    682 |   2619 |   7 |  826.3 |
       Dungeon |   5729 |   4684 |   1045 |    682 |   2619 |   6 |  954.8 |
        Temple |     55 |     50 |      5 |      0 |      0 |   1 |   55.0 |
               +--------+--------+--------+--------+--------+-----+--------+

Top non-repeatable levels by time:
     D:5: 1597 daAuts
     D:4: 1320 daAuts
     D:3: 980 daAuts
     D:2: 910 daAuts
     D:1: 725 daAuts
     D:6: 195 daAuts
  Temple: 55 daAuts
